 Dungeon Crawl Stone Soup version 0.24.0-13-gcf9b319 (webtiles) character file.

Game seed: 10832110483427458131, levelgen mode: deterministic

237 xraymikek the Magician (level 5, -4/24 HPs)
             Began as a Spriggan Enchanter on Nov 9, 2019.
             Killed from afar by Blork the orc (7 damage)
             ... with a magic dart
             ... on level 4 of the Dungeon on Nov 10, 2019.
             The game lasted 00:13:06 (4350 turns).

xraymikek the Magician (Spriggan Enchanter)         Turns: 4350, Time: 00:13:06

Health: -4/24      AC:  4    Str:  4    XL:     5   Next: 77%
Magic:  4/15       EV: 18    Int: 18    God:
Gold:   151        SH:  0    Dex: 16    Spells: 11/17 levels left

rFire    . . .     SeeInvis +   a - +1 dagger
rCold    . . .     Gourm    .   (shield restricted)
rNeg     + . .     Faith    .   b - +0 robe
rPois    .         Spirit   .   (helmet restricted)
rElec    .         Reflect  .   p - +1 cloak {+Inv}
rCorr    .         Harm     .   (gloves unavailable)
MR       .....                  (boots unavailable)
Stlth    +++.......             (no amulet)
HPRegen  0.08/turn              t - ring of positive energy
MPRegen  0.14/turn              (no ring)

@: very quick
A: very small, unfitting armour, see invisible, herbivore, speed 3, slow
metabolism 2
a: Evoke Invisibility


You were on level 4 of the Dungeon.
You were very full.

You visited 1 branch of the dungeon, and saw 4 of its levels.
You also visited: Sewer.

You collected 151 gold pieces.

Inventory:

Hand Weapons
 a - a +1 dagger (weapon)
 c - a +1 hunting sling of freezing
 j - a +0 short sword
Missiles
 i - 128 stones (quivered)
Armour
 b - a +0 robe (worn)
 p - a +1 cloak of invisibility (worn)
 r - a +0 buckler
Jewellery
 t - a ring of positive energy (left hand)
Scrolls
 e - 6 scrolls of identify {unknown}
 f - a scroll of noise {unknown}
 h - 2 scrolls of remove curse {unknown}
 l - 2 scrolls of fog {unknown}
 o - 4 scrolls of amnesia {unknown}
 q - 5 scrolls of teleportation {unknown}
 s - 2 scrolls of blinking {unknown}
 v - 2 scrolls of immolation {unknown}
Potions
 g - 3 potions of curing {unknown}
 k - a potion of flight {unknown}
 m - a potion of cancellation {unknown}
 n - a potion of lignification {unknown}
 u - a potion of degeneration {unknown}
 w - 3 potions of might
 x - a potion of haste {unknown}
 z - 2 potions of magic {unknown}
Comestibles
 d - 3 rations


   Skills:
 - Level 3.3 Short Blades
 - Level 3.0 Dodging
 - Level 4.4 Stealth
 - Level 6.5 Spellcasting
 - Level 3.6 Hexes
 + Level 0.3 Evocations


You had 11 spell levels left.
You knew the following spells:

 Your Spells              Type           Power        Failure   Level  Hunger
a - Corona                Hex            ###....      2%          1    None
b - Ensorcelled Hibernat  Hex/Ice        ##....       9%          2    None
c - Confuse               Hex            ###.....     8%          3    ##.....

Your spell library contained the following spells:

 Spells                   Type           Power        Failure   Level  Hunger
 Tukima's Dance           Hex            ###.....     8%          3    ##.....
 Dazzling Spray           Conj/Hex       ##....       16%         3    ##.....


Dungeon Overview and Level Annotations

Branches:
Dungeon (4/15)              Sewer (visited)
 Temple: D:4-7

Altars:
Xom

Shops:
D:4 ??

Annotations:
D:2 Terence
D:4 Blork the orc


Innate Abilities, Weirdness & Mutations

You are very small and have problems with some larger weapons.
You are too small for most types of armour.
You have supernaturally acute eyesight. (SInv)
You are a herbivore.
You cover ground extremely quickly.
You need to consume almost no food.


Message History

Press: ? - help, Shift-Dir - straight line, f/p - Blork the orc
Aim: Blork the orc, wielding a +0 mace and wearing a +0 robe (lightly wounded, fast, chance to defeat MR: 49%) Blork the orc resists with some effort.
Blork the orc completely misses you.
Casting: Confuse (safe; 8% risk of failure)
Confirm with . or Enter, or press ? or * to list all spells.
Aiming: Confuse (safe; 8% risk of failure)
Press: ? - help, Shift-Dir - straight line, f/p - Blork the orc
Aim: Blork the orc, wielding a +0 mace and wearing a +0 robe (lightly wounded, fast, chance to defeat MR: 49%) Blork the orc resists with some effort.
Blork the orc hits you with a +0 mace.
Casting: Confuse (safe; 8% risk of failure)
Confirm with . or Enter, or press ? or * to list all spells.
You don't know that spell.
Blork the orc casts a spell at you. The puff of frost hits you!
Blork the orc points at you and mumbles some strange words.
The puff of flame hits you!
* * * LOW HITPOINT WARNING * * *
Blork the orc casts a spell at you. The magic dart hits you!
You die...

#.#
########...#####.#.#.
###
#..#####...#.....#.#†
♣♣♣
#......<...#.#####.##
#.# #..#####...#.#
#..... .∩. #....#
#...#.###.#..† #.#
####.# #####.....####
♣.♣ #.# ####### #'#
#.# #.# #@# #.# #.#
#.# #.# #.# #.#
#.######.# #(..o..o.#
##.####### #.# #.#


You could see Blork the orc.

Vanquished Creatures
  A howler monkey (D:4)
  Crazy Yiuf (D:2)
  Natasha (D:1)
  3 gnolls (D:2)
  3 adders
  An adder skeleton (D:4)
  An adder zombie (D:4)
  3 worms
  3 dart slugs
  A leopard gecko (D:1)
  2 orcs
  6 ball pythons
  4 giant cockroaches (D:1)
  6 goblins (D:1)
  3 hobgoblins
  5 jackals (Sewer)
  4 bats
  10 frilled lizards
  13 kobolds
  6 rats
  2 plants (Sewer)
79 creatures vanquished.

Notes
Turn   | Place    | Note
-------+----------+-------------------------------------------
     0 | D:1      | xraymikek the Spriggan Enchanter began the quest for the
                  | Orb.
     0 | D:1      | Reached XP level 1. HP: 9/9 MP: 5/5
   105 | D:1      | Reached XP level 2. HP: 10/13 MP: 6/6
   174 | D:1      | Learned a level 2 spell: Ensorcelled Hibernation
   248 | D:1      | You fall into a shaft and drop 1 floor!
   456 | D:1      | Reached XP level 3. HP: 8/16 MP: 6/8
   464 | D:1      | Learned a level 3 spell: Confuse
   723 | D:1      | Reached skill level 3 in Spellcasting
  1514 | D:2      | Reached skill level 4 in Spellcasting
  1514 | D:2      | Reached XP level 4. HP: 17/21 MP: 11/11
  1803 | D:2      | Noticed Terence
  1866 | D:2      | Found a runed translucent door.
  1867 | D:2      | Noticed Crazy Yiuf
  1874 | D:2      | Killed Crazy Yiuf
  2021 | D:2      | Reached skill level 5 in Spellcasting
  2224 | D:2      | Noticed Natasha
  2290 | D:1      | Killed Natasha
  2290 | D:1      | Reached XP level 5. HP: 14/24 MP: 0/13
  2910 | D:4      | Found a shimmering altar of Xom.
  2911 | D:4      | Found a shimmering altar of Xom.
  2911 | D:4      | Found a shimmering altar of Xom.
  2911 | D:4      | Found a shimmering altar of Xom.
  2911 | D:4      | Found a shimmering altar of Xom.
  2911 | D:4      | Found a shimmering altar of Xom.
  2932 | D:4      | Reached skill level 6 in Spellcasting
  3000 | D:4      | Found a shimmering altar of Xom.
  3000 | D:4      | Found a shimmering altar of Xom.
  3001 | D:4      | Found a shimmering altar of Xom.
  3081 | D:4      | Found a glowing drain.
  3093 | Sewer    | Entered a sewer
  4196 | D:4      | Found Bipsul's Magic Scroll Boutique.
  4325 | D:4      | Found Voshotuv's Magic Scroll Boutique.
  4325 | D:4      | Noticed Blork the orc
  4350 | D:4      | Killed from afar by Blork the orc

Levels and vault maps discovered:
D:1:      wander_arrival_peaceful_grave, layout_basic, nrook_campfire
D:2:      layout_loops_ring, uniq_natasha, uniq_crazy_yiuf_cottage, uniq_terence
D:3:      layout_rooms
D:4:      layout_basic, first_ration, portal_sewer_entry_a, serial_shops,
          kennysheep_little_box, nicolae_shop_crystal, st_stairs_13,
          xom_redecorated, uniq_blork_the_orc

Skill      XL: |  1  2  3  4  5 |
---------------+----------------+-----
Short Blades   | 2 3 |  3.3
Spellcasting   | 4 5 6 |  6.5
Dodging        | |  3.0
Stealth        | |  4.4
Hexes          | |  3.6
Evocations     | |  0.3

Action                   |  1- 3 |  4- 6 || total
-------------------------+-------+-------++-------
Melee: Dagger            |    45 |   537 ||   582
       Short sword       |    68 |       ||    68
 Fire: Hunting sling     |    47 |     6 ||    53
 Cast: Corona            |     1 |     4 ||     5
       Ensorcelled Hiber |     4 |     8 ||    12
       Confuse           |       |     7 ||     7
 Stab: Sleeping          |    11 |    11 ||    22
       Confused          |       |     1 ||     1
  Eat: Ration            |       |     5 ||     5
Armor: Robe              |    12 |    26 ||    38
Dodge: Dodged            |    73 |   155 ||   228
